 Dungeon Crawl Stone Soup version 0.28-a0-101-g18048e5a82 (webtiles) character file.

Game seed: 6572439331431785291

5944 pokeman the Thaumaturge (level 10, -7/56 HPs)
             Began as a Deep Elf Hedge Wizard on Aug 10, 2021.
             Was a Follower of Vehumet.
             Killed by divine providence
             ... invoked by a meliai
              (10 damage)
             ... on level 9 of the Dungeon.
             The game lasted 00:25:30 (11593 turns).

pokeman the Thaumaturge (Deep Elf Hedge Wizard)    Turns: 11593, Time: 00:25:31

Health: -7/56      AC:  9    Str: 11    XL:     10   Next: 54%
Magic:  2/29       EV: 12    Int: 23    God:    Vehumet [*.....]
Gold:   499        SH:  0    Dex: 14    Spells: 23/35 levels left

rFire   + . .      SeeInvis .   K - +8 dagger of Lust {flame, rN+ Str+4}
rCold   x . .      Faith    .   (no shield)
rNeg    + . .      Spirit   .   Q - +0 acid dragon scales
rPois   .          Reflect  .   c - +0 hat
rElec   .          Harm     .   D - +0 cloak
rCorr   +          Rampage  .   y - +0 pair of gloves
Will    ++...                   (no boots)
Stlth   ++........              (no amulet)
HPRegen 0.18/turn               m - ring of fire
MPRegen 0.21/turn               T - ring of willpower

@: no status effects
A: no striking features
a: Renounce Religion


You were on level 9 of the Dungeon.
You worshipped Vehumet.
Vehumet was aware of your devotion.
You visited 2 branches of the dungeon, and saw 10 of its levels.
You also visited: Sewer.

You collected 499 gold pieces.

Inventory:

Hand Weapons
 k - a +2 dagger of venom
 z - a +0 shortbow
 C - a +2 quarterstaff of chaos
 K - the +8 dagger of Lust (weapon) {flame, rN+ Str+4}
   (You found it in a sewer)

   It burns those it strikes, dealing additional fire damage.
   Str:       It affects your strength (+4).
   rN:        It protects you from negative energy.
Missiles
 a - 142 arrows
 E - 21 bolts
 R - a throwing net
Armour
 c - a +0 hat (worn)
 y - a +0 pair of gloves (worn)
 D - a +0 cloak (worn)
 H - a +2 leather armour of willpower
 J - a +0 troll leather armour {Purgy}
 Q - +0 acid dragon scales (worn)
 U - a +0 kite shield
Magical Staves
 t - a staff of death
 P - a staff of cold
Jewellery
 j - a ring of ice
 m - a ring of fire (left hand)
 q - an amulet of guardian spirit
 G - a +4 ring of slaying
 T - a ring of willpower (right hand)
Wands
 b - a wand of digging (1)
 F - a wand of polymorph (20)
 M - a wand of charming (6)
Scrolls
 d - 4 scrolls of fog {unknown}
 e - 3 scrolls of magic mapping {unknown}
 h - 2 scrolls of enchant armour {unknown}
 i - 8 scrolls of identify {unknown}
 n - 3 scrolls of blinking {unknown}
 p - 6 scrolls of teleportation {unknown}
 r - 2 scrolls of enchant weapon {unknown}
 s - 2 scrolls of vulnerability {unknown}
 u - a scroll of amnesia {unknown}
 v - a scroll of fear {unknown}
 w - a scroll of summoning {unknown}
 B - a scroll of noise {unknown}
Potions
 f - a potion of berserk rage {unknown}
 g - 2 potions of lignification {unknown}
 l - a potion of flight {unknown}
 o - 4 potions of might {unknown}
 x - a potion of haste {unknown}
 A - 2 potions of heal wounds {unknown}
 I - a potion of magic {unknown}
 L - 2 potions of curing
 N - a potion of ambrosia {unknown}
 O - a potion of cancellation {unknown}
 S - 2 potions of brilliance {unknown}


   Skills:
 - Level 4.0 Fighting
 + Level 3.5 Armour
 - Level 3.1 Dodging
 - Level 3.1 Stealth
 * Level 13.1 Spellcasting
 + Level 8.4 Conjurations
 - Level 1.1 Summonings
 - Level 1.0 Necromancy
 - Level 1.1 Translocations
 + Level 6.8 Fire Magic
 - Level 1.3 Air Magic
 - Level 1.0 Poison Magic
 - Level 1.0 Evocations


You had 23 spell levels left.
You knew the following spells:

 Your Spells              Type           Power      Damage    Failure   Level
a - Magic Dart            Conj           100%       1d8       1%          1
b - Mephitic Cloud        Conj/Pois/Air  31%        N/A       4%          3
c - Call Imp              Summ           20%        N/A       6%          2
d - Blink                 Tloc           N/A        N/A       6%          2
e - Conjure Flame         Conj/Fire      66%        6-21      1%          3
f - Foxfire               Conj/Fire      100%       2x1d9     1%          1

Your spell library contained the following spells:

 Spells                   Type           Power      Damage    Failure   Level
 Sticky Flame             Conj/Fire      66%        2d8       2%          4
 Sting                    Tmut/Pois      68%        1d6       4%          1
 Poisonous Vapours        Pois/Air       40%        N/A       6%          2
 Ignite Poison            Fire/Tmut/Pois 40%        N/A       6%          3
 Slow                     Hex            15%        N/A       10%         2
 Olgreb's Toxic Radiance  Pois           19%        N/A       38%         4
 Petrify                  Tmut/Erth      15%        N/A       52%         4
 Metabolic Englaciation   Hex/Ice        7%         N/A       86%         5
 Statue Form              Tmut/Erth      10%        N/A       100%        6


Dungeon Overview and Level Annotations

Branches:
Dungeon (9/15)             Temple (1/1) D:7           Sewer (visited)
   Lair: D:8-11         Orc: D:9-12

Altars:
Cheibriados
Dithmenos
Gozag
Nemelex Xobeh
Qazlal
Ru
Uskayaw
Vehumet
The Shining One

Shops:
D:8 (


Message History

Aim: a yak (lightly wounded, chance to affect: 67%)
The ball explodes into a vile cloud!
The stinking cloud engulfs the yak but does no damage.
The yak is lightly wounded.
You hear a shout! x2; You hear an angry buzzing noise.
The yak is engulfed in noxious fumes.
Unknown command.
You hit the yak. You burn the yak.
The yak is moderately wounded.
The yak is engulfed in blazing flames.
The yak misses you.
Unknown command.
You puncture the yak! You burn the yak.
The yak is almost dead.
The yak is engulfed in blazing flames.
The yak gores you.
Unknown command.
You closely miss the yak.
The yak is almost dead.
The yak gores you!
* * * LOW HITPOINT WARNING * * *
Unknown command.
Casting: Mephitic Cloud (dangerous; 4% risk of failure)
Confirm with . or Enter, or press ? or * to list all spells.
You blink.
Casting: Blink (safe; 6% risk of failure)
Confirm with . or Enter, or press ? or * to list all spells.
Aiming: Magic Dart (safe; 1% risk of failure)
Press: ? - help, Shift-Dir - straight line, f/p - yak
Aim: a yak (almost dead, 100% to hit)
The magic dart hits the yak.
The yak is almost dead.
You hit the yak but do no damage.
The yak is almost dead.
The yak gores you!
* * * LOW HITPOINT WARNING * * *
Unknown command.
A meliai comes into view. It is wielding a +0 war axe.
The meliai buzzes angrily.
You hear an angry buzzing noise.
The meliai mumbles some strange prayers to its god against you.
Something smites you!
You die...

.......................
........................
........................
......................y.
........................
........................
........................
..............Y.........
................@.......
........########........
#####...# #........
#...# #........
#####...########........
........................
#######..###############
#..# #..#############


You could see a yak and a meliai.

Vanquished Creatures
  An ugly thing (D:8)
  Maggie (D:7)
  A kobold demonologist (D:9)
  A troll (D:9)
  Prince Ribbit (D:8)
  2 yaks (D:9)
  A wyvern (D:7)
  A steam dragon (D:6)
  2 water moccasins (D:7)
  2 orc warriors
  3 sky beasts
  Purgy (Sewer)
  A black bear (D:6)
  2 necrophages
  An ogre (D:6)
  2 centaurs
  A phantom (D:6)
  2 bullfrogs
  A wyvern zombie (D:7)
  3 scorpions
  A water moccasin skeleton (D:5)
  8 killer bees
  11 wights
  4 howler monkeys (D:9)
  3 centaur zombies
  A bullfrog zombie (D:5)
  4 hounds
  2 jellies
  A bullfrog skeleton (D:7)
  2 orc priests
  Crazy Yiuf (D:5)
  A gnoll shaman (D:7)
  Jessica (D:2)
  2 orc wizards
  Natasha (thrice) (D:4)
  4 iguanas
  A scorpion zombie (D:5)
  A killer bee zombie (D:8)
  A howler monkey skeleton (D:5)
  5 gnolls
  2 river rats (D:6)
  2 adders (D:5)
  A white imp (D:7)
  An ufetubus (D:5)
  2 adder skeletons
  5 dart slugs
  2 worms
  28 orcs
  5 ball pythons
  6 bats
  7 endoplasms
  A giant cockroach (D:1)
  3 goblins
  3 hobgoblins
  5 jackals
  7 quokkas
  2 frilled lizards
  5 kobolds
  6 rats
180 creatures vanquished.

Vanquished Creatures (collateral kills)
  Grinder (D:4)
  2 orcs (D:3)
  A ball python (D:3)
4 creatures vanquished.

Vanquished Creatures (others)
  30 foxfires (D:9)
  A fungus (D:5)
31 creatures vanquished.

Grand Total: 215 creatures vanquished

Notes
Turn   | Place    | Note
-------+----------+-------------------------------------------
     0 | D:1      | pokeman the Deep Elf Hedge Wizard began the quest for the
                  | Orb.
     0 | D:1      | Reached XP level 1. HP: 10/10 MP: 7/7
   311 | D:1      | Reached XP level 2. HP: 16/16 MP: 4/9
   458 | D:1      | Found a faded altar of an unknown god.
  1144 | D:2      | Found a glowing golden altar of the Shining One.
  1150 | D:2      | Reached skill level 5 in Spellcasting
  1486 | D:2      | Noticed Jessica
  1496 | D:2      | Killed Jessica
  1497 | D:2      | Reached skill level 1 in Fighting
  1497 | D:2      | Reached skill level 1 in Armour
  1497 | D:2      | Reached XP level 3. HP: 20/20 MP: 1/11
  1501 | D:2      | Learned a level 3 spell: Mephitic Cloud
  1504 | D:2      | Learned a level 2 spell: Call Imp
  1507 | D:2      | Learned a level 2 spell: Blink
  1511 | D:2      | Learned a level 3 spell: Conjure Flame
  2037 | D:3      | Reached XP level 4. HP: 16/25 MP: 7/13
  2293 | D:3      | Found an opulent altar of Gozag.
  2529 | D:3      | Found a sparkling altar of Nemelex Xobeh.
  2612 | D:3      | Reached skill level 1 in Fire Magic
  2697 | D:3      | Reached skill level 6 in Spellcasting
  2789 | D:3      | Found a stormy altar of Qazlal.
  2996 | D:3      | Found a shadowy altar of Dithmenos.
  3160 | D:3      | Found a glowing golden altar of the Shining One.
  3222 | D:3      | Reached XP level 5. HP: 29/29 MP: 12/15
  3818 | D:4      | Noticed a sky beast
  3828 | D:4      | Killed a sky beast
  3829 | D:4      | Reached skill level 1 in Air Magic
  3829 | D:4      | Reached XP level 6. HP: 34/34 MP: 6/17
  4122 | D:4      | Noticed Natasha
  4134 | D:4      | Killed Natasha
  4135 | D:4      | Reached skill level 7 in Spellcasting
  4248 | D:4      | Noticed Natasha
  4258 | D:4      | Killed Natasha
  4385 | D:4      | Noticed Natasha
  4391 | D:4      | Killed Natasha
  4392 | D:4      | Reached skill level 1 in Poison Magic
  4392 | D:4      | Reached skill level 1 in Evocations
  4443 | D:4      | Noticed Grinder
  4554 | D:4      | Paralysed by Grinder for 6 turns
  4556 | D:4      | Killed Grinder
  4557 | D:4      | Reached XP level 7. HP: 14/38 MP: 5/19
  4875 | D:5      | Entered Level 5 of the Dungeon
  4886 | D:5      | Reached skill level 1 in Necromancy
  5021 | D:5      | Reached skill level 5 in Conjurations
  5305 | D:5      | Reached skill level 8 in Spellcasting
  5431 | D:5      | Found a runed translucent door.
  5432 | D:5      | Noticed Crazy Yiuf
  5443 | D:5      | Killed Crazy Yiuf
  5922 | D:5      | Reached XP level 8. HP: 4/44 MP: 16/22
  6351 | D:6      | Found a glowing drain.
  6368 | Sewer    | Entered a sewer
  6542 | Sewer    | Noticed Purgy
  6559 | Sewer    | Killed Purgy
  6560 | Sewer    | Reached skill level 9 in Spellcasting
  6631 | Sewer    | Identified the +8 dagger of Lust {flame, rN+ Str+4}
  7230 | D:6      | Reached skill level 10 in Spellcasting
  7544 | D:6      | Reached XP level 9. HP: 48/48 MP: 18/25
  8026 | D:7      | Found a staircase to the Ecumenical Temple.
  8048 | D:7      | Noticed Maggie
  8062 | Temple   | Entered the Ecumenical Temple
  8148 | Temple   | Became a worshipper of Vehumet
  8215 | D:7      | Killed Maggie
  8557 | D:7      | Reached skill level 11 in Spellcasting
  8739 | D:7      | Reached skill level 5 in Fire Magic
  9872 | D:8      | Found Urucwotz's Antique Weapon Shop.
  9873 | D:8      | Noticed a purple ugly thing
  9891 | D:8      | Killed a purple ugly thing
  9892 | D:8      | Reached skill level 12 in Spellcasting
  9984 | D:8      | Reached XP level 10. HP: 56/56 MP: 23/28
 11068 | D:8      | Noticed Prince Ribbit
 11078 | D:8      | Killed Prince Ribbit
 11367 | D:9      | Reached * piety under Vehumet
 11367 | D:9      | Offered knowledge of Foxfire by Vehumet.
 11370 | D:9      | Learned a level 1 spell: Foxfire
 11548 | D:9      | Noticed a sixfirhy
 11557 | D:9      | Reached skill level 13 in Spellcasting
 11587 | D:9      | HP: 2/56 [yak (13)]
 11593 | D:9      | Killed from afar by a meliai

Illustrated notes

Levels and vault maps discovered:
D:1:      grunt_arrival_lava_bath, layout_loops_ring, basic_ecumenical_altar
D:2:      minmay_alternating_diamond, layout_basic, basic_altar, chequers_jeans,
          kennysheep_jessica_study
D:3:      layout_loops_corners, mainiacjoe_overflow_24_doors,
          nicolae_qazlal_general_emergency, lemuel_crystal_altar, minitemple
D:4:      layout_loops_ring, uniq_grinder, uniq_natasha
D:5:      layout_rooms, minmay_fractal_squares_gapless_5,
          uniq_crazy_yiuf_cottage
D:6:      layout_basic, portal_sewer_entry_b
D:7:      layout_basic, temple_doors_e, kennysheep_generic_room_13, uniq_maggie
D:8:      layout_layer_cave, serial_shops, shop, kennysheep_dice,
          uniq_prince_ribbit1
D:9:      layout_long_grid, gammafunk_temple_overflow_elements
Temple:   minmay_temple_curvy_branch

Skill      XL: |  1  2  3  4  5  6  7  8  9 10 |
---------------+-------------------------------+-----
Spellcasting   | 5 6 7 8 10 12 13 | 13.1
Fighting       | 1 2 3 4 |  4.0
Armour         | 1 2 3 |  3.5
Conjurations   | 2 3 4 5 6 7 8 |  8.4
Fire Magic     | 1 2 4 5 6 |  6.8
Dodging        | 3 |  3.1
Stealth        | 3 |  3.1
Air Magic      | 1 |  1.3
Poison Magic   | 1 |  1.0
Evocations     | 1 |  1.0
Necromancy     | 1 |  1.0
Summonings     | |  1.1
Translocations | |  1.1

Action                   |  1- 3 |  4- 6 |  7- 9 | 10-12 || total
-------------------------+-------+-------+-------+-------++-------
Melee: Long sword        |     2 |     5 |       |       ||     7
       Staff             |       |    12 |       |       ||    12
       Dagger            |       |    17 |   103 |    28 ||   148
 Cast: Magic Dart        |    68 |    87 |   233 |    71 ||   459
       Mephitic Cloud    |     1 |     6 |    21 |     8 ||    36
       Call Imp          |       |    12 |     6 |       ||    18
       Conjure Flame     |       |     6 |    26 |    10 ||    42
       Blink             |       |       |     4 |     1 ||     5
       Foxfire           |       |       |       |    18 ||    18
 Stab: Confused          |       |     4 |     7 |     2 ||    13
       Sleeping          |       |       |     3 |       ||     3
Armor: Robe              |     1 |     8 |       |       ||     9
       Leather armour    |       |     1 |    19 |       ||    20
       Acid dragon scale |       |       |    14 |     7 ||    21
       Troll leather arm |       |       |     3 |       ||     3
Dodge: Dodged            |     6 |    34 |    72 |    10 ||   122
       Rpst.: Long sword |       |     5 |       |       ||     5

Table legend: (Time is in decaauts)
 A = Elapsed time spent in this place.
 B = Non-inter-level travel time spent in this place.
 C = Inter-level travel time spent in this place.
 D = Time resting spent in this place.
 E = Time spent auto-exploring this place.
 F = Levels seen in this place.
 G = Mean time per level.
                   A        B        C        D        E       F      G
               +--------+--------+--------+--------+--------+-----+--------+
         Total |  11609 |  11408 |    201 |    222 |   9497 |  11 | 1055.4 |
       Dungeon |  11193 |  11013 |    180 |    222 |   9191 |   9 | 1243.7 |
        Temple |    108 |     87 |     21 |      0 |     81 |   1 |  108.0 |
         Sewer |    306 |    306 |      0 |      0 |    225 |   1 |  306.0 |
               +--------+--------+--------+--------+--------+-----+--------+

Top non-repeatable levels by time:
     D:7: 1794 daAuts
     D:8: 1614 daAuts
     D:4: 1529 daAuts
     D:5: 1405 daAuts
     D:3: 1349 daAuts
     D:6: 1230 daAuts
     D:1: 1035 daAuts
     D:2: 963 daAuts
   Sewer: 306 daAuts
     D:9: 270 daAuts
  Temple: 108 daAuts
